Map: King Sejong Station LE

Players

Elazer - Winner!

  • Race: Zerg Zerg

iAsonu

  • Race: Zerg Zerg

Event: 2016 WCS Summer Circuit Championship (DH Montreal)

VOD

Have the link to the VOD?

Description

Time

  • Played on: Aug. 12, 2016, 8:19 p.m.
  • Length: 8:41

All games in this series

Show
View Real Time Build Order
Export as new Build Order

Elazer Zerg - Winner!

Build Orders: 3 Hatch before Pool 

Get SALT Encoding   

  12  0:00  Drone  
  13  0:12  Overlord  
  13  0:17  Drone  
  14  0:30  Drone x2  
  14  0:34  Drone  
  17  0:51  Hatchery  
  17  0:54  Drone  
  17  0:57  Drone  
  18  1:18  Hatchery  
  18  1:20  Drone  
  18  1:24  Extractor  
  17  1:35  Spawning Pool  
  17  1:38  Drone  
  17  1:41  Drone  
  17  1:45  Drone  
  19  1:50  Drone  
  20  1:59  Drone  
  21  2:06  Drone  
  22  2:11  Drone  
  22  2:14  Drone  
  24  2:21  Queen x2  
  28  2:29  Metabolic Boost  
  28  2:30  Zergling x2  
  28  2:33  Drone  
  30  2:37  Overlord  
  30  2:42  Drone  
  30  2:43  Drone  
  32  2:50  Baneling Nest  
  31  3:01  Queen x2  
  31  3:05  Zergling x2  
  36  3:10  Drone x2  
  38  3:16  Evolution Chamber  
  38  3:19  Spine Crawler  
  36  3:25  Zergling x6  
  39  3:28  Zergling x2  
  39  3:29  Zergling x2  
  39  3:33  Baneling x2  
  41  3:36  Zergling x2  
  42  3:44  Baneling x2  
  41  3:48  Overlord  
  41  3:52  Drone  
  42  4:04  Zerg Melee Weapons Level 1  
  42  4:06  Queen  
  42  4:08  Extractor, Drone  
  42  4:09  Drone x2  
  49  4:10  Drone x3  
  49  4:11  Drone  
  50  4:20  Overlord  
  50  4:24  Overlord  
  50  4:39  Drone  
  50  4:40  Drone x6  
  50  4:44  Drone x2  
  59  4:46  Drone  
  59  4:49  Extractor  
  59  4:52  Overlord  
  59  4:53  Baneling x2  
  59  4:56  Drone x2  
  59  4:57  Roach Warren  
  59  4:59  Lair  
  60  5:01  Extractor  
  60  5:02  Drone  
  60  5:03  Drone  
  60  5:05  Drone x2  
  63  5:11  Overlord  
  63  5:18  Overlord  
  63  5:19  Drone x6  
  66  5:21  Drone  
  66  5:26  Drone  
  69  5:28  Drone  
  69  5:31  Drone  
  69  5:33  Drone  
  69  5:34  Overlord  
  71  5:39  Overlord  
  71  5:46  Zergling x2  
  71  5:47  Zergling x6  
  74  5:53  Overlord  
  73  5:57  Roach  
  73  5:58  Roach x6  
  73  6:01  Zerg Missile Weapons Level 1, Glial Reconstitution  
  73  6:02  Overlord  
  87  6:08  Extractor  
  87  6:09  Roach x2  
  90  6:12  Overlord  
  90  6:16  Overlord  
  90  6:24  Roach x5  
  90  6:25  Roach  
  101  6:28  Overlord  
  101  6:35  Drone  
  101  6:36  Drone x2, Extractor  
  101  6:37  Roach x4  
  111  6:41  Overlord  
  111  6:46  Overseer  
  111  6:47  Overlord  
  111  6:49  Roach x3  
  117  6:55  Roach x2  
  117  6:58  Overlord  
  117  7:00  Roach x3  
  127  7:05  Overlord  
  128  7:08  Roach  
  128  7:09  Roach x3  
  128  7:12  Overlord  
  134  7:21  Roach  
  134  7:22  Roach x4  
  143  7:26  Roach x2  
  143  7:30  Roach x3  
  143  7:33  Zergling x2  
  143  7:34  Zergling x4  
  151  7:38  Zergling x2  
  151  7:40  Zergling x2  
  151  7:42  Ravager x3  
  156  7:46  Zergling x8  
  156  7:50  Zergling x2  
  161  7:57  Zergling x6  
  164  8:00  Ravager x2  
  164  8:02  Ravager, Zergling x4  
  164  8:03  Zergling x6  
  170  8:10  Zergling x6  
  148  8:16  Zergling x2  
  148  8:17  Zergling x8  
  141  8:24  Zergling x2  
Show
View Real Time Build Order
Export as new Build Order

iAsonu Zerg 

Build Orders: Hatch First 

Get SALT Encoding   

  12  0:01  Drone  
  13  0:12  Overlord  
  13  0:17  Drone  
  14  0:31  Drone  
  14  0:32  Drone  
  14  0:35  Drone  
  17  0:52  Hatchery  
  17  0:55  Drone  
  17  0:57  Drone  
  17  1:00  Extractor  
  17  1:12  Spawning Pool  
  17  1:15  Drone  
  17  1:19  Drone  
  18  1:28  Drone  
  19  1:40  Overlord  
  19  1:59  Queen, Zergling x2  
  19  2:00  Zergling x2  
  23  2:03  Metabolic Boost  
  23  2:04  Queen  
  23  2:05  Drone  
  26  2:12  Drone  
  27  2:21  Drone  
  28  2:24  Baneling Nest, Drone  
  28  2:28  Drone  
  29  2:33  Drone  
  30  2:41  Drone  
  31  2:52  Hatchery  
  31  2:53  Drone  
  31  2:58  Overlord  
  31  3:04  Drone  
  32  3:08  Zergling x4  
  34  3:14  Zergling x2  
  34  3:15  Zergling x2  
  34  3:16  Overlord  
  34  3:19  Baneling x2  
  36  3:21  Zergling x2  
  36  3:26  Zergling x2  
  36  3:27  Zergling x2  
  38  3:33  Zergling x6  
  41  3:36  Zergling x2  
  42  3:44  Baneling  
  42  3:45  Overlord  
  42  3:50  Zergling x2  
  42  3:51  Zergling x8  
  42  3:53  Drone  
  47  3:58  Drone  
  47  4:02  Baneling x4  
  48  4:03  Drone  
  47  4:11  Drone  
  47  4:13  Drone  
  47  4:18  Drone  
  47  4:19  Drone  
  48  4:26  Drone x2  
  48  4:29  Queen, Zergling x2  
  52  4:32  Drone  
  52  4:33  Drone x2  
  52  4:34  Zergling x2  
  56  4:42  Drone  
  56  4:44  Drone  
  57  4:46  Drone  
  57  4:48  Drone  
  57  4:50  Drone  
  57  4:51  Drone  
  61  4:53  Extractor x2  
  61  4:55  Drone  
  61  4:56  Drone  
  61  4:57  Evolution Chamber, Roach Warren  
  59  5:00  Drone  
  59  5:01  Drone  
  59  5:02  Drone  
  59  5:03  Drone  
  59  5:06  Drone  
  65  5:07  Drone  
  65  5:10  Overlord  
  65  5:12  Overlord  
  64  5:15  Drone  
  64  5:17  Drone  
  64  5:18  Baneling  
  64  5:19  Baneling  
  65  5:24  Overlord x2  
  65  5:26  Overlord  
  65  5:29  Overlord  
  65  5:32  Zerg Missile Weapons Level 1  
  65  5:36  Lair  
  65  5:39  Overlord  
  65  5:45  Zergling x2  
  65  5:46  Roach x2  
  65  5:47  Drone x2  
  69  5:52  Drone, Roach  
  69  5:54  Drone  
  70  5:57  Overlord  
  70  5:58  Drone  
  70  5:59  Roach  
  70  6:03  Drone x2  
  74  6:05  Drone x2  
  74  6:06  Drone x2  
  74  6:08  Drone x2  
  80  6:13  Drone  
  80  6:14  Roach x2  
  89  6:18  Roach x2  
  89  6:23  Roach  
  90  6:26  Drone x2  
  92  6:36  Overseer  
  92  6:37  Glial Reconstitution  
  92  6:40  Extractor x2, Drone x3  
  92  6:41  Extractor  
  92  6:44  Spire, Roach x6  
  103  6:54  Overlord  
  103  6:57  Roach  
  103  7:00  Overlord  
  105  7:03  Overlord  
  105  7:07  Overlord  
  105  7:09  Overlord  
  105  7:14  Roach x4  
  113  7:18  Overlord  
  113  7:23  Overlord  
  113  7:28  Overlord  
  109  7:41  Drone x3  
  109  7:43  Roach  
  109  7:44  Roach x9  
  132  7:45  Overseer  
  132  7:50  Overlord  
  132  7:59  Roach x4  
  132  8:03  Overlord  
  132  8:05  Roach x2  
  140  8:09  Roach x2  
  124  8:16  Roach x3  
  112  8:22  Roach x2  
Tags
 
Add a new tag
Caveats
  • Supply blocks, unpowered buildings, or Contaminate may cause inaccurate times.
  • Supply counts are checked every 10 seconds.